 Dungeon Crawl Stone Soup version 0.30-a0-149-g7f746667c4 (webtiles) character file.

Game seed: 4765051007493011592

184 freelancePsychic the Vexing (level 5, -1/39 HPs)
             Began as a Vampire Wanderer on Sept 26, 2022.
             Was a Priest of Kikubaaqudgha.
             Killed from afar by a white imp (9 damage)
             ... with a puff of frost
             ... on level 5 of the Dungeon.
             The game lasted 00:09:46 (4342 turns).

freelancePsychic the Vexing (Vampire Wanderer)      Turns: 4342, Time: 00:09:46

Health: -1/39      AC:  3    Str: 14    XL:     5   Next: 36%
Magic:  4/8        EV: 11    Int: 15    God:    Kikubaaqudgha [***...]
Gold:   184        SH:  0    Dex: 12    Spells: 2/8 levels left

rFire   . . .      SeeInvis +    c - +0 dagger (elec)
rCold   . . .      Faith    .    (no shield)
rNeg    . . .      Spirit   .    e - +0 leather armour
rPois   .          Reflect  .    (no helmet)
rElec   .          Harm     .    (no cloak)
rCorr   .          Rampage  .    (no gloves)
Will    .....                    (no boots)
Stlth   ++........               (no amulet)
HPRegen 0.33/turn                (no ring)
MPRegen 0.11/turn                (no ring)

@: healing quickly
A: alive, fangs 3, see invisible, vampiric 2
a: Exsanguinate, Renounce Religion, Unearth Wretches


You were on level 5 of the Dungeon.
You worshipped Kikubaaqudgha.
Kikubaaqudgha was most pleased with you.
You visited 1 branch of the dungeon, and saw 5 of its levels.

You collected 184 gold pieces.

Inventory:

Hand Weapons
 c - a +0 dagger of electrocution (weapon)
Missiles
 b - 10 poisoned darts
 j - a throwing net
 p - 3 curare-tipped darts
Armour
 e - a +0 leather armour (worn)
Jewellery
 m - a ring of positive energy
Scrolls
 d - a scroll of blinking
 f - a scroll of amnesia
 h - a scroll of identify {@r1}
 i - 2 scrolls of fear
 o - a scroll of butterflies
Potions
 a - 2 potions of might
 g - 4 potions of brilliance
 k - a potion of resistance
 l - a potion of invisibility
 n - a potion of mutation


   Skills:
 + Level 2.5 Fighting
 * Level 0.3 Short Blades
 - Level 1.0 Axes
 - Level 1.0 Throwing
 - Level 1.0 Armour
 - Level 1.2 Dodging
 - Level 2.3 Stealth
 - Level 2.3 Spellcasting
 - Level 5.8 Hexes
 + Level 3.3 Necromancy


You had 2 spell levels left.
You knew the following spells:

 Your Spells              Type           Power      Damage    Failure   Level
a - Slow                  Hex            76%        N/A       2%          1
b - Necrotise             Necr           44%        1d6       7%          1
d - Animate Dead          Necr           11%        N/A       54%         4

Your spell library contained the following spells:

 Spells                   Type           Power      Damage    Failure   Level
 Sublimation of Blood     Necr           11%        N/A       10%         2
 Cigotuvi's Dreadful Rot  Necr/Pois/Air  10%        N/A       26%         2
 Cause Fear               Hex            9%         N/A       24%         4
 Anguish                  Hex/Necr       7%         N/A       36%         4
 Dispel Undead            Necr           11%        3d9       54%         4
 Agony                    Necr           11%        N/A       88%         5
 Borgnjor's Vile Clutch   Necr/Erth      3%         N/A       98%         5
 Death Channel            Necr           5%         N/A       100%        6
 Simulacrum               Ice/Necr       3%         N/A       100%        6


Dungeon Overview and Level Annotations

Branches:
Dungeon (5/15)
 Temple: D:4-7

Altars:
Cheibriados
Kikubaaqudgha
Makhleb

Annotations:
D:4 exclusion: ogre


Innate Abilities, Weirdness & Mutations

Your natural rate of healing is accelerated.
You have razor-sharp teeth.
You have supernaturally acute eyesight. (SInv)
You are afflicted with vampirism and can become a bat while bloodless.


Message History

Nothing appears to happen.
You feel sick. The adder bites you but does no damage.
The adder writhes in agony.
You feel sick. The adder bites you.
You are more poisoned.
The adder poisons you! The adder misses you.
The adder writhes in agony.
You feel sick. The adder closely misses you.
The adder writhes in agony.
You feel sick. The adder misses you.
The adder writhes in agony.
You kill the adder!
Kikubaaqudgha accepts your kill.
The dead are slithering!
You feel sick. The white imp attacks as you move away! The white imp hits you.
The white imp freezes you.
You feel sick.
There is a stone staircase leading up here.
You are too injured to fight recklessly!
You hit the white imp but do no damage.
You feel sick. The white imp gestures at you. The puff of frost hits you!
Your magical contamination has completely faded away.
You completely miss the white imp. You bite the white imp.
The white imp is lightly wounded.
You feel sick.
You are no longer poisoned.
Your adder skeleton bites the white imp but does no damage.
The white imp gestures at your adder skeleton.
The puff of frost hits your adder skeleton.
Your adder skeleton resists.
You hit the white imp but do no damage.
The white imp is lightly wounded.
Your adder skeleton bites the white imp.
The white imp gestures at you. The puff of frost hits you.
* * * LOW HITPOINT WARNING * * *
You barely miss the white imp.
The white imp is moderately wounded.
Your adder skeleton barely misses the white imp.
The white imp gestures at you. The puff of frost hits you!
You die...
Kikubaaqudgha rasps: "You have failed me!
Welcome... death!"

.#
#.#
..
#.#
..
##.#
#..#
#@#
#5#
#Z#
..#
..##
##.
#.
#.
#.


You could see a white imp (ally target) and a friendly adder skeleton.

Vanquished Creatures
  An iguana (D:4)
  6 adders
  3 worms
  2 dart slugs
  7 orcs
  7 ball pythons
  7 bats
  2 endoplasms (D:1)
  3 giant cockroaches
  9 goblins
  3 hobgoblins
  9 jackals
  11 kobolds
  3 quokkas
  A frilled lizard (D:1)
  5 rats
79 creatures vanquished.

Vanquished Creatures (collateral kills)
  A jackal (D:3)
1 creature vanquished.

Grand Total: 80 creatures vanquished

Notes
Turn   | Place    | Note
-------+----------+-------------------------------------------
     0 | D:1      | freelancePsychic the Vampire Wanderer began the quest for
                  | the Orb.
     0 | D:1      | freelancePsychic set off with the following items: a +0
                  | hand axe, 10 poisoned darts, a +0 dagger, a scroll of
                  | blinking, a +0 leather armour; and the following spell
                  | memorised: Slow; and the following spells available to
                  | memorise: Cause Fear, Anguish.
     0 | D:1      | Reached XP level 1. HP: 15/15 MP: 2/2
    91 | D:1      | Reached skill level 1 in Stealth
    96 | D:1      | Reached XP level 2. HP: 13/21 MP: 3/3
   357 | D:1      | Found a faded altar of an unknown god.
   371 | D:1      | Prayed at the altar of an unknown god.
   371 | D:1      | Became a worshipper of Kikubaaqudgha
   371 | D:1      | Reached * piety under Kikubaaqudgha
   371 | D:1      | Received a gift from Kikubaaqudgha
   380 | D:1      | Learned a level 1 spell: Necrotise
   724 | D:1      | Reached skill level 1 in Necromancy
   724 | D:1      | Gained mutation: You are afflicted with vampirism and can
                  | become a bat while bloodless. [Vampire growth]
   724 | D:1      | Reached XP level 3. HP: 26/26 MP: 1/5
  1209 | D:1      | Reached ** piety under Kikubaaqudgha
  1360 | D:2      | Found a burning altar of Makhleb.
  1902 | D:2      | Reached XP level 4. HP: 21/33 MP: 1/6
  2347 | D:3      | Learned a level 4 spell: Animate Dead
  2401 | D:3      | Found a snail-covered altar of Cheibriados.
  3312 | D:4      | Noticed a phantom
  3645 | D:4      | Reached XP level 5. HP: 16/38 MP: 1/8
  3725 | D:4      | Noticed a phantom
  4016 | D:4      | Noticed an ogre
  4038 | D:4      | Reached *** piety under Kikubaaqudgha
  4038 | D:4      | Received a gift from Kikubaaqudgha
  4327 | D:5      | Entered Level 5 of the Dungeon
  4342 | D:5      | Killed from afar by a white imp

Illustrated notes

Levels and vault maps discovered:
D:1:      tarquinn_simple_flora_water_a, layout_basic, basic_ecumenical_altar,
          kennysheep_doodads, minmay_misc_feat_tiny
D:2:      layout_rooms, basic_altar
D:3:      layout_basic, mainiacjoe_overflow_paths, st_stairs_1, nrook_campfire
D:4:      layout_basic, minmay_crystal_room, minivault_23,
          minmay_three_crescents, uniq_eustachio
D:5:      layout_rooms, marbit_many_paths, minivault_23

Skill      XL: |  1  2  3  4 |
---------------+-------------+-----
Stealth        | 1 2 |  2.3
Necromancy     | 1 2 3 |  3.3
Fighting       | 2 |  2.5
Spellcasting   | 2 |  2.3
Short Blades   | |  0.3
Axes           | |  1.0
Throwing       | |  1.0
Armour         | |  1.0
Dodging        | |  1.2
Hexes          | |  5.8

Action                   |  1- 3 |  4- 6 || total
-------------------------+-------+-------++-------
Melee: Dagger            |   125 |    42 ||   167
       Bite              |    15 |     5 ||    20
       Hand axe          |     4 |       ||     4
       Punch             |     1 |       ||     1
 Cast: Necrotise         |    55 |    99 ||   154
       Slow              |     5 |     1 ||     6
  Use: Potion            |     2 |     1 ||     3
       Scroll            |     5 |     5 ||    10
 Stab: Sleeping          |     1 |       ||     1
       Distracted        |     1 |       ||     1
Armor: Leather armour    |    48 |    19 ||    67
Dodge: Dodged            |    83 |    43 ||   126

Table legend: (Time is in decaauts)
 A = Elapsed time spent in this place.
 B = Non-inter-level travel time spent in this place.
 C = Inter-level travel time spent in this place.
 D = Time resting spent in this place.
 E = Time spent auto-exploring this place.
 F = Levels seen in this place.
 G = Mean time per level.
                   A        B        C        D        E       F      G
               +--------+--------+--------+--------+--------+-----+--------+
         Total |   4353 |   4299 |     54 |     47 |   3408 |   5 |  870.6 |
       Dungeon |   4353 |   4299 |     54 |     47 |   3408 |   5 |  870.6 |
               +--------+--------+--------+--------+--------+-----+--------+

Top non-repeatable levels by time:
     D:1: 1405 daAuts
     D:3: 1194 daAuts
     D:4: 1120 daAuts
     D:2: 617 daAuts
     D:5: 14 daAuts
